TOP OF THE 1ST |
Hagerstown Suns batting - Pitching for Atlanta (MID) Braves : RHP Ricky Rivera
|
Pitching: RHP Ricky Rivera
|
|
Batting: RHB Pat Drader
|
0-0: Ball 1-0: Swinging Strike 1-1: Ball 2-1: Foul Ball, location: 2F 2-2: Foul Ball, location: 2F 2-2: Strikes out swinging, 2-3 out at first.
|
Batting: LHB Ben Montgomery
|
0-0: Swinging Strike 0-1: Swinging Strike 0-2: Strikes out swinging
|
Batting: RHB Kevin Wick
|
0-0: Ball 1-0: Ground out 5-3 (Groundball, 56, EV 88.1 MPH)
|
Top of the 1st over - 0 runs, 0 hits, 0 errors, 0 left on base; Hagerstown 0 - Atlanta (MID) 0 |
BOTTOM OF THE 1ST |
Atlanta (MID) Braves batting - Pitching for Hagerstown Suns : RHP Chris Close
|
Pitching: RHP Chris Close
|
|
Batting: SHB Richello Badua
|
0-0: Ball 1-0: Swinging Strike 1-1: Fly out, F7 (Flyball, 78D, EV 95.6 MPH)
|
Batting: SHB Brandon McClain
|
0-0: Swinging Strike 0-1: Ball 1-1: Swinging Strike 1-2: Strikes out swinging
|
Batting: LHB Bobby Upton
|
0-0: Reached on error, E6 (Groundball, 6M, EV 84.4 MPH)
|
Batting: RHB Xavier Davis
|
0-0: Called Strike Bobby Upton steals 2nd base 0-1: Ball 1-1: Ball 2-1: Ball 3-1: Base on Balls
|
Batting: RHB Corey Dalton
|
0-0: Ball 1-0: Ball 2-0: DOUBLE (Flyball, 89XD, EV 105.6 MPH) Bobby Upton scores Xavier Davis to third Runner from 3rd tries for Home, SAFE, no throw by CF
|
Batting: RHB Mike Shook
|
0-0: Called Strike 0-1: Swinging Strike 0-2: Strikes out swinging
|
Bottom of the 1st over - 2 runs, 1 hit, 1 error, 1 left on base; Hagerstown 0 - Atlanta (MID) 2 |
TOP OF THE 2ND |
Hagerstown Suns batting - Pitching for Atlanta (MID) Braves : RHP Ricky Rivera
|
Batting: LHB Yoshiya Kurokawa
|
0-0: Ball 1-0: Called Strike 1-1: Ball 2-1: Foul Ball, location: 2F 2-2: Ball 3-2: Foul Ball, location: 2F 3-2: Ground out 3-1 (Groundball, 34, EV 103.8 MPH)
|
Batting: RHB Josh Courtney
|
0-0: Ball 1-0: SINGLE (Groundball, 6, EV 98.1 MPH)
|
Batting: RHB Justin Slifka
|
0-0: Ball 1-0: Called Strike 1-1: Swinging Strike 1-2: Strikes out swinging
|
Batting: LHB Rich Hannus
|
0-0: Ball 1-0: Ground out 4-3 (Groundball, 34, EV 106.9 MPH)
|
Top of the 2nd over - 0 runs, 1 hit, 0 errors, 1 left on base; Hagerstown 0 - Atlanta (MID) 2 |
BOTTOM OF THE 2ND |
Atlanta (MID) Braves batting - Pitching for Hagerstown Suns : RHP Chris Close
|
Batting: RHB Johnny Burroughs
|
0-0: Ball 1-0: Ball 2-0: Foul Ball, location: 2F 2-1: Foul Ball, location: 2F 2-2: Strikes out swinging
|
Batting: SHB Juan Aguilar
|
0-0: Foul Ball, location: 2F 0-1: Ball 1-1: Ball 2-1: Swinging Strike 2-2: Ground out 5-3 (Groundball, 56, EV 81.9 MPH)
|
Batting: RHB Bobby Light
|
0-0: Called Strike 0-1: Called Strike 0-2: Foul Ball, location: 2F 0-2: Ball 1-2: Ball 2-2: Strikes out swinging
|
Bottom of the 2nd over - 0 runs, 0 hits, 0 errors, 0 left on base; Hagerstown 0 - Atlanta (MID) 2 |
TOP OF THE 3RD |
Hagerstown Suns batting - Pitching for Atlanta (MID) Braves : RHP Ricky Rivera
|
Batting: RHB Joe Young
|
0-0: Called Strike 0-1: Ball 1-1: SINGLE (Groundball, 6MD, EV 101.9 MPH)
|
Batting: RHB Scott Skoglund
|
0-0: Swinging Strike 0-1: Reached on error, E6 (Groundball, 6, EV 85.6 MPH) Joe Young to second
|
Batting: RHB Pat Drader
|
0-0: Fielders Choice at 2nd, 5-4 (Groundball, 56, EV 99.4 MPH) Joe Young to third
|
Batting: LHB Ben Montgomery
|
0-0: Swinging Strike 0-1: Ball 1-1: Ball 2-1: Called Strike 2-2: Foul Ball, location: 2F 2-2: Strikes out swinging
|
Batting: RHB Kevin Wick
|
0-0: Ball 1-0: Ground out 1-3 (Groundball, 23, EV 70.0 MPH)
|
Top of the 3rd over - 0 runs, 1 hit, 1 error, 2 left on base; Hagerstown 0 - Atlanta (MID) 2 |
BOTTOM OF THE 3RD |
Atlanta (MID) Braves batting - Pitching for Hagerstown Suns : RHP Chris Close
|
Batting: SHB Richello Badua
|
0-0: SINGLE (Groundball, 6MD, EV 98.1 MPH)
|
Batting: SHB Brandon McClain
|
0-0: Hit by Pitch Richello Badua to second
|
Batting: LHB Bobby Upton
|
0-0: Ball 1-0: Fielders Choice at 2nd, 5-4 (Groundball, 56, EV 85.0 MPH) Richello Badua to third
|
Batting: RHB Xavier Davis
|
0-0: Foul Ball, location: 2F 0-1: Called Strike Bobby Upton steals 2nd base 0-2: Foul Ball, location: 2F 0-2: Ball 1-2: SINGLE (Line Drive, 89S, EV 91.9 MPH) Richello Badua scores Bobby Upton to third Runner from 3rd tries for Home, SAFE, throw by CF to home Xavier Davis to second
|
Batting: RHB Corey Dalton
|
0-0: Ball 1-0: Called Strike 1-1: Ball 2-1: Ball 3-1: Foul Ball, location: 2F 3-2: Strikes out swinging
|
Batting: RHB Mike Shook
|
0-0: Foul Ball, location: 2F 0-1: Ball 1-1: Ball 2-1: Ball 3-1: Foul Ball, location: 2F 3-2: Base on Balls
|
Batting: RHB Johnny Burroughs
|
0-0: Called Strike 0-1: Foul Ball, location: 2F 0-2: Foul Ball, location: 2F 0-2: SINGLE (Groundball, 56D, EV 107.5 MPH) Xavier Davis to third Mike Shook to second Runner from 3rd tries for Home, SAFE, throw by LF to home
|
Pitching: RHP Manny Arguelles
|
|
Batting: SHB Juan Aguilar
|
0-0: Called Strike 0-1: Swinging Strike 0-2: Foul Ball, location: 2F 0-2: Strikes out swinging
|
Bottom of the 3rd over - 3 runs, 3 hits, 0 errors, 2 left on base; Hagerstown 0 - Atlanta (MID) 5 |
TOP OF THE 4TH |
Hagerstown Suns batting - Pitching for Atlanta (MID) Braves : RHP Ricky Rivera
|
Batting: LHB Yoshiya Kurokawa
|
0-0: Ball 1-0: Ball 2-0: Ball 3-0: Fly out, F5 (Popup, 5SF, EV 66.9 MPH)
|
Batting: RHB Josh Courtney
|
0-0: Called Strike 0-1: Swinging Strike 0-2: Strikes out swinging
|
Batting: RHB Justin Slifka
|
0-0: Called Strike 0-1: Ball 1-1: Ball 2-1: Swinging Strike 2-2: Ball 3-2: Strikes out swinging
|
Top of the 4th over - 0 runs, 0 hits, 0 errors, 0 left on base; Hagerstown 0 - Atlanta (MID) 5 |
BOTTOM OF THE 4TH |
Atlanta (MID) Braves batting - Pitching for Hagerstown Suns : RHP Manny Arguelles
|
Batting: RHB Bobby Light
|
0-0: Ground out 4-3 (Groundball, 34, EV 100.0 MPH)
|
Batting: SHB Richello Badua
|
0-0: SINGLE (Groundball, 6S, EV 70.0 MPH) (infield hit)
|
Batting: SHB Brandon McClain
|
0-0: Called Strike Richello Badua steals 2nd base 0-1: Swinging Strike 0-2: Foul Ball, location: 2F 0-2: Ball 1-2: Strikes out swinging
|
Batting: LHB Bobby Upton
|
0-0: Ball 1-0: Swinging Strike 1-1: Ball 2-1: Ball 3-1: Ground out 4-3 (Groundball, 4, EV 94.4 MPH)
|
Bottom of the 4th over - 0 runs, 1 hit, 0 errors, 1 left on base; Hagerstown 0 - Atlanta (MID) 5 |
TOP OF THE 5TH |
Hagerstown Suns batting - Pitching for Atlanta (MID) Braves : RHP Ricky Rivera
|
Batting: LHB Rich Hannus
|
0-0: Called Strike 0-1: Foul Ball, location: 2F 0-2: Fly out, F5 (Popup, 6, EV 65.6 MPH)
|
Batting: RHB Joe Young
|
0-0: Ball 1-0: Ball 2-0: Ball 3-0: Called Strike 3-1: Foul Ball, location: 2F 3-2: Base on Balls
|
Batting: RHB Scott Skoglund
|
0-0: Called Strike 0-1: TRIPLE (Line Drive, 89XD, EV 112.5 MPH) Joe Young scores
|
Batting: RHB Pat Drader
|
0-0: Ball 1-0: Ball 2-0: SINGLE (Groundball, 34D, EV 97.5 MPH) Scott Skoglund scores
|
DELAY
|
Rain delay of 40 minutes in the 5th inning.
|
Batting: LHB Ben Montgomery
|
0-0: Ball 1-0: Swinging Strike 1-1: Ball 2-1: Ball 3-1: Fielders Choice at 2nd, 4-6 (Groundball, 4S, EV 83.8 MPH)
|
Now at 2B: Tommy Williams
|
|
Now at SS: Brandon McClain
|
|
Batting: RHB Kevin Wick
|
0-0: Ball 1-0: Ball 2-0: Foul Ball, location: 2F 2-1: Swinging Strike 2-2: Foul Ball, location: 2F 2-2: Foul Ball, location: 2F 2-2: Foul Ball, location: 2F 2-2: Ball 3-2: SINGLE (Line Drive, 78M, EV 87.5 MPH) Ben Montgomery to second Ben Montgomery to third
|
Batting: LHB Yoshiya Kurokawa
|
0-0: Ball 1-0: Called Strike 1-1: Fielders Choice at 2nd, 5-4 (Groundball, 56, EV 100.0 MPH)
|
Top of the 5th over - 2 runs, 3 hits, 0 errors, 2 left on base; Hagerstown 2 - Atlanta (MID) 5 |
BOTTOM OF THE 5TH |
Atlanta (MID) Braves batting - Pitching for Hagerstown Suns : RHP Manny Arguelles
|
Batting: RHB Xavier Davis
|
0-0: Ball 1-0: Ball 2-0: Foul Ball, location: 2F 2-1: Foul Ball, location: 2F 2-2: Ball 3-2: DOUBLE (Line Drive, 9LS, EV 103.8 MPH)
|
Batting: RHB Corey Dalton
|
0-0: Ball 1-0: Ball 2-0: Fly out, F9 (Flyball, 9D, EV 86.3 MPH) Runner from 2nd tags up, SAFE at 3rd, no throw by RF
|
Batting: RHB Mike Shook
|
0-0: Foul Ball, location: 2F 0-1: Swinging Strike 0-2: Ball 1-2: Ground out 6-3 (Groundball, 6, EV 77.5 MPH) Xavier Davis scores
|
Batting: RHB Johnny Burroughs
|
0-0: Called Strike 0-1: Called Strike 0-2: Ball 1-2: Ball 2-2: Foul Ball, location: 2F 2-2: Strikes out swinging
|
Bottom of the 5th over - 1 run, 1 hit, 0 errors, 0 left on base; Hagerstown 2 - Atlanta (MID) 6 |
TOP OF THE 6TH |
Hagerstown Suns batting - Pitching for Atlanta (MID) Braves : RHP Ricky Rivera
|
Pitching: RHP Kevin Zika
|
|
Batting: RHB Josh Courtney
|
0-0: Foul Ball, location: 2F 0-1: Ball 1-1: Ball 2-1: Called Strike 2-2: Strikes out looking
|
Batting: RHB Justin Slifka
|
0-0: Ball 1-0: Foul Ball, location: 2F 1-1: Called Strike 1-2: Strikes out swinging
|
Batting: LHB Rich Hannus
|
0-0: Ball 1-0: Swinging Strike 1-1: Called Strike 1-2: Fly out, F9 (Line Drive, 9, EV 93.1 MPH)
|
Top of the 6th over - 0 runs, 0 hits, 0 errors, 0 left on base; Hagerstown 2 - Atlanta (MID) 6 |
BOTTOM OF THE 6TH |
Atlanta (MID) Braves batting - Pitching for Hagerstown Suns : RHP Manny Arguelles
|
Batting: LHB Tommy Williams
|
0-0: Called Strike 0-1: Foul Ball, location: 2F 0-2: Ball 1-2: Ball 2-2: Foul Ball, location: 2F 2-2: SINGLE (Line Drive, 9S, EV 97.5 MPH)
|
Pitching: RHP Roy Walker
|
|
Batting: RHB Bobby Light
|
0-0: Ball 1-0: Fielders Choice at 2nd, 6-4 (Groundball, 6S, EV 82.5 MPH)
|
Batting: SHB Richello Badua
|
0-0: Ball Bobby Light steals 2nd base 1-0: Called Strike 1-1: Called Strike 1-2: Fly out, F9 (Flyball, 9S, EV 83.8 MPH)
|
Batting: SHB Brandon McClain
|
0-0: Called Strike 0-1: Ground out U3 (Groundball, 3S, EV 89.4 MPH)
|
Bottom of the 6th over - 0 runs, 1 hit, 0 errors, 1 left on base; Hagerstown 2 - Atlanta (MID) 6 |
TOP OF THE 7TH |
Hagerstown Suns batting - Pitching for Atlanta (MID) Braves : RHP Kevin Zika
|
Batting: RHB Joe Young
|
0-0: Ball 1-0: Ball 2-0: Ball 3-0: Called Strike 3-1: Foul Ball, location: 2F 3-2: Foul Ball, location: 2F 3-2: Fly out, F9 (Flyball, 9, EV 72.5 MPH)
|
Batting: RHB Scott Skoglund
|
0-0: Ball 1-0: Called Strike 1-1: Called Strike 1-2: Strikes out swinging
|
Batting: RHB Pat Drader
|
0-0: Foul Ball, location: 2F 0-1: Ball 1-1: Ball 2-1: Swinging Strike 2-2: Ball 3-2: Strikes out looking
|
Top of the 7th over - 0 runs, 0 hits, 0 errors, 0 left on base; Hagerstown 2 - Atlanta (MID) 6 |
BOTTOM OF THE 7TH |
Atlanta (MID) Braves batting - Pitching for Hagerstown Suns : RHP Roy Walker
|
Batting: LHB Bobby Upton
|
0-0: Ground out 4-3 (Groundball, 4, EV 80.0 MPH)
|
Batting: RHB Xavier Davis
|
0-0: Called Strike 0-1: Ball 1-1: Swinging Strike 1-2: Ball 2-2: Strikes out swinging
|
Batting: RHB Corey Dalton
|
0-0: Called Strike 0-1: Ball 1-1: Foul Ball, location: 2F 1-2: Strikes out swinging
|
Bottom of the 7th over - 0 runs, 0 hits, 0 errors, 0 left on base; Hagerstown 2 - Atlanta (MID) 6 |
TOP OF THE 8TH |
Hagerstown Suns batting - Pitching for Atlanta (MID) Braves : RHP Kevin Zika
|
Pitching: RHP Tom Lessor
|
|
Batting: LHB Ben Montgomery
|
0-0: Foul Ball, location: 2F 0-1: Ground out 6-3 (Groundball, 6, EV 99.4 MPH)
|
Batting: RHB Kevin Wick
|
0-0: Called Strike 0-1: Foul Ball, location: 2F 0-2: Ball 1-2: Foul Ball, location: 2F 1-2: Strikes out swinging
|
Batting: LHB Yoshiya Kurokawa
|
0-0: Swinging Strike 0-1: Ball 1-1: Ball 2-1: Ball 3-1: Ground out 6-3 (Groundball, 6, EV 75.6 MPH)
|
Top of the 8th over - 0 runs, 0 hits, 0 errors, 0 left on base; Hagerstown 2 - Atlanta (MID) 6 |
BOTTOM OF THE 8TH |
Atlanta (MID) Braves batting - Pitching for Hagerstown Suns : RHP Roy Walker
|
Pitching: RHP Gilberto Ricalde
|
|
Batting: RHB Mike Shook
|
0-0: Foul Ball, location: 2F 0-1: Ball 1-1: Ball 2-1: Called Strike 2-2: Strikes out swinging
|
Batting: RHB Johnny Burroughs
|
0-0: Swinging Strike 0-1: Ball 1-1: Ball 2-1: Foul Ball, location: 2F 2-2: SINGLE (Line Drive, 89S, EV 94.4 MPH)
|
Batting: LHB Tommy Williams
|
0-0: Foul Ball, location: 2F 0-1: Ball 1-1: DOUBLE (Line Drive, 7LS, EV 94.4 MPH) Johnny Burroughs to third Runner from 3rd tries for Home, SAFE, no throw by LF
|
Batting: RHB Bobby Light
|
0-0: Called Strike 0-1: Ball 1-1: Swinging Strike 1-2: Ball 2-2: Strikes out looking
|
Batting: SHB Richello Badua
|
0-0: Ball 1-0: Foul Ball, location: 2F 1-1: Fly out, F7 (Flyball, 7S, EV 88.1 MPH)
|
Bottom of the 8th over - 1 run, 2 hits, 0 errors, 1 left on base; Hagerstown 2 - Atlanta (MID) 7 |
TOP OF THE 9TH |
Hagerstown Suns batting - Pitching for Atlanta (MID) Braves : RHP Tom Lessor
|
Batting: RHB Josh Courtney
|
0-0: Ball 1-0: Swinging Strike 1-1: Swinging Strike 1-2: Strikes out swinging, 2-3 out at first.
|
Batting: RHB Justin Slifka
|
0-0: Called Strike 0-1: Ground out 6-3 (Groundball, 56, EV 100.0 MPH)
|
Batting: LHB Rich Hannus
|
0-0: Ball 1-0: Ball 2-0: Called Strike 2-1: Foul Ball, location: 2F 2-2: Ball 3-2: Foul Ball, location: 2F 3-2: Foul Ball, location: 2F 3-2: Strikes out swinging
|
Top of the 9th over - 0 runs, 0 hits, 0 errors, 0 left on base; Hagerstown 2 - Atlanta (MID) 7 |
|